 Dungeon Crawl Stone Soup version 0.29-a0-284-gf9362112df (webtiles) character file.

Game seed: 14129311485014030064

983 epen the Archer (level 8, -3/63 HPs)
             Began as a Gnoll Hunter on Mar 14, 2022.
             Slain by Dowan
             ... wielding a +1 dagger of distortion
              (10 damage)
             ... on level 4 of the Dungeon.
             The game lasted 00:04:36 (3287 turns).

epen the Archer (Gnoll Hunter)                      Turns: 3287, Time: 00:04:37

Health: -3/63      AC:  6    Str: 11    XL:     8   Next: 17%
Magic:  12/12      EV: 13    Int:  9    God:
Gold:   200        SH:  0    Dex: 17    Spells: 13/13 levels left

rFire   . . .      SeeInvis .   g - +3 shortbow (freeze)
rCold   . . .      Faith    .   (shield currently unavailable)
rNeg    . . .      Spirit   .   h - +1 ring mail
rPois   .          Reflect  .   (no helmet)
rElec   .          Harm     .   (no cloak)
rCorr   .          Rampage  .   (no gloves)
Will    .....                   (no boots)
Stlth   +.........              (no amulet)
HPRegen 0.20/turn               (no ring)
MPRegen 0.13/turn               (no ring)

@: confused, ambrosia-drunk
A: fangs 1, strong nose, distributed training
a: no special abilities


You were on level 4 of the Dungeon.
You visited 1 branch of the dungeon, and saw 4 of its levels.
You also visited: Ossuary.

You collected 200 gold pieces.

Inventory:

Hand Weapons
 a - a +1 shortbow
 g - a +3 shortbow of freezing (weapon)
Armour
 b - a +0 leather armour
 h - a +1 ring mail (worn)
Jewellery
 r - a ring of protection from cold
 s - an amulet of the acrobat
Scrolls
 c - 5 scrolls of immolation
 e - 3 scrolls of teleportation
 m - a scroll of fear
 n - 4 scrolls of identify
 o - a scroll of fog
 p - a scroll of amnesia
 t - a scroll of noise {unknown}
Potions
 d - a potion of lignification {unknown}
 f - a potion of haste
 i - a potion of cancellation
 j - a potion of invisibility {unknown}
 k - a potion of degeneration {unknown}
 q - a potion of attraction {unknown}
 u - a potion of heal wounds {unknown}


   Skills:
 + Level 5.5 Fighting
 + Level 3.0 Short Blades
 + Level 3.0 Long Blades
 + Level 3.0 Axes
 + Level 3.0 Maces & Flails
 + Level 3.0 Polearms
 + Level 3.0 Staves
 + Level 3.0 Slings
 + Level 9.1 Bows
 + Level 3.0 Crossbows
 + Level 3.0 Throwing
 + Level 3.0 Armour
 + Level 5.5 Dodging
 + Level 3.9 Stealth
 + Level 3.0 Shields
 + Level 3.0 Unarmed Combat
 + Level 3.0 Spellcasting
 + Level 2.4 Conjurations
 + Level 2.4 Hexes
 + Level 2.4 Summonings
 + Level 2.4 Necromancy
 + Level 2.4 Translocations
 + Level 2.4 Transmutations
 + Level 2.4 Fire Magic
 + Level 2.4 Ice Magic
 + Level 2.4 Air Magic
 + Level 2.4 Earth Magic
 + Level 2.4 Poison Magic
 + Level 3.3 Invocations
 + Level 3.0 Evocations


You had 13 spell levels left.
You didn't know any spells.
Your spell library contained the following spells:

 Spells                   Type           Power      Damage    Failure   Level
 Apportation              Tloc           10%        N/A       26%         1
 Alistair's Intoxication  Tmut/Pois      3%         N/A       100%        5


Dungeon Overview and Level Annotations

Branches:
Dungeon (4/15)            Ossuary (visited)
 Temple: D:4-7

Altars:
Okawaru
Vehumet

Annotations:
D:4 Dowan


Innate Abilities, Weirdness & Mutations

You have very sharp teeth.
Your uncanny sense of smell can sniff out nearby items.
Your experience applies equally to all skills.


Message History

Press: ? - help, Q - select action Shift-Dir - straight line, f - you Really target yourself?
Okay, then.
Shoot: g) +3 shortbow (freeze)
Press: ? - help, Q - select action Shift-Dir - straight line, f - Dowan
Aim: Dowan, wielding a +1 dagger of distortion and wearing a +2 robe of willpower (moderately wounded, fast, 61% to hit)
You shoot an arrow. The arrow closely misses Dowan.
Shoot: g) +3 shortbow (freeze)
Press: ? - help, Q - select action Shift-Dir - straight line, f/p - Dowan
Aim: Dowan, wielding a +1 dagger of distortion and wearing a +2 robe of willpower (moderately wounded, fast, 61% to hit)
You shoot an arrow. The arrow misses Dowan.
Dowan hits you with a +1 dagger of distortion.
Space warps around you. Dowan casts a spell at you. The shard of ice hits you!
* * * LOW HITPOINT WARNING * * *
Okay, then.
Press: ? - help, v - describe, . - travel
Here: Dowan, wielding a +1 dagger of distortion and wearing a +2 robe of willpower (moderately wounded, fast)
The floor.
Dowan attacks as you move away! Dowan barely misses you.
Dowan casts a spell.
Dowan blinks!
Shoot: g) +3 shortbow (freeze)
Press: ? - help, Q - select action Shift-Dir - straight line, f/p - Dowan
Aim: Dowan, wielding a +1 dagger of distortion and wearing a +2 robe of willpower (moderately wounded, fast, 61% to hit)
You shoot an arrow. The arrow hits Dowan.
The arrow freezes Dowan.
Dowan is heavily wounded.
Shoot: g) +3 shortbow (freeze)
Press: ? - help, Q - select action Shift-Dir - straight line, f/p - Dowan
Aim: Dowan, wielding a +1 dagger of distortion and wearing a +2 robe of willpower (heavily wounded, fast, 61% to hit)
You shoot an arrow. The arrow completely misses Dowan.
Dowan casts a spell at you. The shard of ice hits you!
* * * LOW HITPOINT WARNING * * *
You are confused.
You feel invigorated.
Dowan breathes, "And she was my only..."
Dowan hits you but does no damage. Space warps horribly around you!
You die...

**,*****,*** *,,,*,,,,..* ##*
*,,,,,,,...####.** ###
*,,,,,,,.....#..,## #.##
*,,**,,,........#.# ##..####
***,,∆,,#.......#.###......####
**,#,*#..........##.........#
**#.*#.....................##
***,,..##.....#@..##....#.#...#*
**,**,,#...(...e.#####....<....#*
*,,,,,,#.......#.#.......#.#..###
*,,,*,,,.#.....#......#.......###
,,,,**...###.........##.......[##
,,*,***#.............#.##..##..##
,,,,,,*##.........>........###...
*,,,,,,*##.....).....#..##.......
,,,,,,,*#......#.###.##..##....#.


You could see Dowan (fast).

Vanquished Creatures
  Duvessa (D:4)
  A phantom (D:4)
  2 elf zombies (Ossuary)
  4 wights (D:4)
  4 centaur zombies (Ossuary)
  A jelly (D:4)
  A hound (D:4)
  A human zombie (Ossuary)
  2 hound zombies (Ossuary)
  3 mummies (Ossuary)
  A gnoll (D:1)
  8 adders
  2 adder zombies (Ossuary)
  A worm (D:2)
  2 dart slugs (D:1)
  3 orcs (D:3)
  4 ball pythons
  8 bats
  5 endoplasms
  A giant cockroach (D:1)
  2 gnoll zombies (Ossuary)
  6 hobgoblins
  4 jackals (D:3)
  2 quokkas
  2 frilled lizards
  10 goblins
  4 hobgoblin zombies (Ossuary)
  3 jackal zombies (Ossuary)
  3 kobolds
  4 kobold zombies (Ossuary)
  An orc zombie (Ossuary)
  8 quokka zombies (Ossuary)
  2 rats
  3 rat zombies (Ossuary)
109 creatures vanquished.

Vanquished Creatures (others)
  33 plants (D:3)
33 creatures vanquished.

Grand Total: 142 creatures vanquished

Notes
Turn   | Place    | Note
-------+----------+-------------------------------------------
     0 | D:1      | epen the Gnoll Hunter began the quest for the Orb.
     0 | D:1      | Reached XP level 1. HP: 20/20 MP: 1/1
    64 | D:1      | Reached XP level 2. HP: 26/26 MP: 2/2
   194 | D:1      | Reached XP level 3. HP: 31/31 MP: 3/3
   562 | D:2      | Reached skill level 1 in Invocations
   670 | D:2      | Reached skill level 1 in Short Blades
   670 | D:2      | Reached skill level 1 in Long Blades
   670 | D:2      | Reached skill level 1 in Axes
   670 | D:2      | Reached skill level 1 in Maces & Flails
   670 | D:2      | Reached skill level 1 in Polearms
   670 | D:2      | Reached skill level 1 in Staves
   670 | D:2      | Reached skill level 1 in Slings
   670 | D:2      | Reached skill level 1 in Crossbows
   670 | D:2      | Reached skill level 1 in Throwing
   670 | D:2      | Reached skill level 1 in Armour
   670 | D:2      | Reached skill level 1 in Shields
   670 | D:2      | Reached skill level 1 in Unarmed Combat
   670 | D:2      | Reached skill level 1 in Spellcasting
   670 | D:2      | Reached skill level 1 in Evocations
   670 | D:2      | Reached XP level 4. HP: 38/38 MP: 5/5
  1307 | D:3      | Reached skill level 1 in Conjurations
  1307 | D:3      | Reached skill level 1 in Hexes
  1307 | D:3      | Reached skill level 1 in Summonings
  1307 | D:3      | Reached skill level 1 in Necromancy
  1307 | D:3      | Reached skill level 1 in Translocations
  1307 | D:3      | Reached skill level 1 in Transmutations
  1307 | D:3      | Reached skill level 1 in Fire Magic
  1307 | D:3      | Reached skill level 1 in Ice Magic
  1307 | D:3      | Reached skill level 1 in Air Magic
  1307 | D:3      | Reached skill level 1 in Earth Magic
  1307 | D:3      | Reached skill level 1 in Poison Magic
  1467 | D:3      | Reached XP level 5. HP: 43/43 MP: 6/6
  1777 | D:3      | Found a radiant altar of Vehumet.
  1784 | D:3      | Found an iron altar of Okawaru.
  2124 | D:4      | Noticed a phantom
  2188 | D:4      | Identified a scroll of acquirement
  2188 | D:4      | Acquired a +3 shortbow of freezing
  2248 | D:4      | Found a sand-covered staircase.
  2253 | Ossuary  | Entered an ossuary
  2309 | Ossuary  | Reached XP level 6. HP: 33/50 MP: 8/8
  2432 | Ossuary  | Reached skill level 5 in Fighting
  2432 | Ossuary  | Reached skill level 5 in Dodging
  2631 | Ossuary  | Reached XP level 7. HP: 56/56 MP: 10/10
  3062 | D:4      | Reached skill level 9 in Bows
  3143 | D:4      | Reached XP level 8. HP: 61/63 MP: 12/12
  3161 | D:4      | Noticed Dowan
  3162 | D:4      | Noticed Duvessa
  3174 | D:4      | Killed Duvessa
  3286 | D:4      | HP: 3/63 [Dowan/shard of ice (14)]
  3287 | D:4      | Slain by Dowan

Illustrated notes

Levels and vault maps discovered:
D:1:      erik_arrival_blinker_ship, layout_rooms
D:2:      layout_loops_cross
D:3:      layout_loops_corners, mainiacjoe_overflow_big_doors, serial_bayou,
          serial_bayou_lake_a, serial_bayou_lagoon_b, serial_bayou_pond_e,
          serial_bayou_pond_e
D:4:      layout_cave_pools, enter_ossuary_2, st_stairs_14, uniq_duvessa

Skill      XL: |  1  2  3  4  5  6  7  8 |
---------------+-------------------------+-----
Invocations    | 1 2 3 |  3.3
Short Blades   | 1 2 3 |  3.0
Long Blades    | 1 2 3 |  3.0
Axes           | 1 2 3 |  3.0
Maces & Flails | 1 2 3 |  3.0
Polearms       | 1 2 3 |  3.0
Staves         | 1 2 3 |  3.0
Slings         | 1 2 3 |  3.0
Crossbows      | 1 2 3 |  3.0
Throwing       | 1 2 3 |  3.0
Armour         | 1 2 3 |  3.0
Shields        | 1 2 3 |  3.0
Unarmed Combat | 1 2 3 |  3.0
Spellcasting   | 1 2 3 |  3.0
Evocations     | 1 2 3 |  3.0
Conjurations   | 1 2 |  2.4
Hexes          | 1 2 |  2.4
Summonings     | 1 2 |  2.4
Necromancy     | 1 2 |  2.4
Translocations | 1 2 |  2.4
Transmutations | 1 2 |  2.4
Fire Magic     | 1 2 |  2.4
Ice Magic      | 1 2 |  2.4
Air Magic      | 1 2 |  2.4
Earth Magic    | 1 2 |  2.4
Poison Magic   | 1 2 |  2.4
Stealth        | 3 |  3.9
Fighting       | 5 |  5.5
Dodging        | 5 |  5.5
Bows           | 9 |  9.1

Action                   |  1- 3 |  4- 6 |  7- 9 || total
-------------------------+-------+-------+-------++-------
 Fire: Shortbow          |    42 |   203 |   104 ||   349
  Use: Scroll            |       |    12 |     1 ||    13
       Potion            |       |       |     2 ||     2
Armor: Ring mail         |     2 |    27 |    31 ||    60
Dodge: Dodged            |     4 |    63 |    50 ||   117

Table legend: (Time is in decaauts)
 A = Elapsed time spent in this place.
 B = Non-inter-level travel time spent in this place.
 C = Inter-level travel time spent in this place.
 D = Time resting spent in this place.
 E = Time spent auto-exploring this place.
 F = Levels seen in this place.
 G = Mean time per level.
                   A        B        C        D        E       F      G
               +--------+--------+--------+--------+--------+-----+--------+
         Total |   3420 |   3346 |     74 |    293 |   2344 |   5 |  684.0 |
       Dungeon |   2672 |   2598 |     74 |    108 |   2012 |   4 |  668.0 |
       Ossuary |    748 |    748 |      0 |    185 |    332 |   1 |  748.0 |
               +--------+--------+--------+--------+--------+-----+--------+

Top non-repeatable levels by time:
     D:3: 1077 daAuts
 Ossuary: 748 daAuts
     D:2: 629 daAuts
     D:1: 521 daAuts
     D:4: 443 daAuts
